[ AOE2 MATCH · #471423706 ]
UnrankedGurjaras vs Mapuche
Player's team · WIN
Rival team · LOSS
[ REPLAY ANALYSIS · EXTRACTED FROM THE RECORDED GAME ]
Feudal
9:02
Castle
18:33
Imperial
40:05
| APM avg | 53.3 |
| APM peak | 82 |
| eAPM avg | 27.3 |
| Villagers / military | 133 / 128 |
Focus
⚔️ 35.6% · 🌾 64.4%
Skirmisher ×55 · Elephant Archer ×23 · Chakram Thrower ×17 · Scout Cavalry ×14 · Armored Elephant ×9 · Camel Scout ×7
Feudal
8:55
Castle
20:32
Imperial
—
| APM avg | 46.5 |
| APM peak | 91 |
| eAPM avg | 27.8 |
| Villagers / military | 131 / 138 |
Focus
⚔️ 39.8% · 🌾 60.2%
Skirmisher ×69 · Bolas Rider ×60 · Spearman ×9
Match map
Initial resources + every placement click. Lines = walls · curves = elevation contours. ◆ gold · ⬟ stone · ● berries · ✦ relic · ◌ wall gap
Your base· ✓ Closed at 18:33 · 43t walls · 1 gate(s)
YT: DominicanoAOE's base· ✓ Closed at 20:32 · 40t walls · 1 gate(s)
Smoothed initial terrain · ◌ = detected wall gap · hover for details
Inputs per minute
— Proctologue - - YT: DominicanoAOE
Build order — Proctologue
First 150 of 451 actions detected
| 0:00 | Create | Villager (Male) |
| 0:01 | Create | Villager (Male) |
| 0:01 | Create | Villager (Male) |
| 0:01 | Create | Villager (Male) |
| 0:02 | Build | House |
| 0:03 | Build | House |
| 0:54 | Build | Mill |
| 1:42 | Create | Villager (Male) |
| 2:09 | Create | Villager (Male) |
| 2:30 | Create | Villager (Male) |
| 2:38 | Create | Villager (Male) |
| 3:17 | Create | Villager (Male) |
| 3:28 | Build | House |
| 3:43 | Build | Lumber Camp |
| 3:45 | Create | Villager (Male) |
| 4:05 | Create | Villager (Male) |
| 4:23 | Create | Villager (Male) |
| 4:32 | Create | Villager (Male) |
| 5:28 | Create | Villager (Male) |
| 5:46 | Create | Villager (Male) |
| 5:55 | Create | Villager (Male) |
| 6:03 | Research | Loom |
| 6:52 | Research | Feudal Age |
| 6:52 | Research | Feudal Age |
| 6:56 | Build | Lumber Camp |
| 7:30 | Create | Villager (Male) |
| 8:08 | Build | Barracks |
| 8:09 | Build | Palisade Wall |
| 8:10 | Build | Palisade Wall |
| 8:27 | Create | Villager (Male) |
| 8:46 | Build | House |
| 9:02 | Age | Feudal Age |
| 9:06 | Build | Stable |
| 9:11 | Build | House |
| 9:13 | Build | Palisade Wall |
| 9:13 | Build | Palisade Wall |
| 9:16 | Build | Palisade Wall |
| 9:20 | Create | Villager (Male) |
| 9:26 | Research | Horse Collar |
| 9:27 | Research | Double-Bit Axe |
| 9:54 | Create | Villager (Male) |
| 9:55 | Build | Farm |
| 9:58 | Create | Scout Cavalry |
| 9:58 | Create | Scout Cavalry |
| 10:05 | Build | House |
| 10:10 | Research | Horse Collar |
| 10:18 | Build | Palisade Wall |
| 10:20 | Build | Palisade Wall |
| 10:24 | Create | Villager (Male) |
| 10:26 | Build | Farm |
| 10:37 | Create | Villager (Male) |
| 10:53 | Create | Villager (Male) |
| 10:55 | Build | Farm |
| 10:57 | Build | Farm |
| 10:58 | Build | Farm |
| 11:18 | Build | Farm |
| 11:28 | Build | Palisade Wall |
| 11:32 | Build | Palisade Wall |
| 11:33 | Build | Palisade Wall |
| 11:40 | Create | Villager (Male) |
| 11:44 | Build | Farm |
| 11:46 | Create | Villager (Male) |
| 11:56 | Build | House |
| 11:59 | Create | Villager (Male) |
| 12:07 | Build | Mining Camp |
| 12:17 | Build | Mining Camp |
| 12:21 | Create | Villager (Male) |
| 12:33 | Build | Palisade Wall |
| 12:38 | Build | Farm |
| 12:40 | Build | Farm |
| 13:11 | Create | Villager (Male) |
| 13:15 | Build | Farm |
| 13:16 | Build | Farm |
| 13:24 | Build | Palisade Wall |
| 13:32 | Create | Villager (Male) |
| 13:43 | Build | Palisade Wall |
| 13:59 | Build | Farm |
| 14:05 | Build | Archery Range |
| 14:06 | Create | Villager (Male) |
| 14:24 | Build | House |
| 14:28 | Create | Villager (Male) |
| 14:35 | Build | Farm |
| 14:53 | Create | Villager (Male) |
| 14:59 | Build | Blacksmith |
| 15:18 | Create | Villager (Male) |
| 15:26 | Create | Skirmisher |
| 15:26 | Create | Skirmisher |
| 15:29 | Build | Farm |
| 15:48 | Build | Palisade Gate |
| 15:53 | Research | Castle Age |
| 16:14 | Create | Skirmisher |
| 16:15 | Create | Skirmisher |
| 16:30 | Research | Fletching |
| 16:32 | Create | Skirmisher |
| 16:43 | Create | Skirmisher |
| 16:49 | Create | Scout Cavalry |
| 16:52 | Create | Camel Scout |
| 16:57 | Create | Skirmisher |
| 17:00 | Create | Scout Cavalry |
| 17:04 | Build | House |
| 17:37 | Create | Villager (Male) |
| 17:53 | Create | Villager (Male) |
| 18:10 | Create | Villager (Male) |
| 18:24 | Build | House |
| 18:33 | Age | Castle Age |
| 18:34 | Build | Town Center |
| 18:39 | Build | Town Center |
| 18:40 | Research | Bow Saw |
| 18:42 | Create | Villager (Male) |
| 18:47 | Research | Bodkin Arrow |
| 19:01 | Build | House |
| 19:05 | Create | Villager (Male) |
| 19:10 | Research | Heavy Plow |
| 19:29 | Create | Villager (Male) |
| 20:04 | Build | Monastery |
| 20:10 | Create | Villager (Male) |
| 20:22 | Create | Villager (Male) |
| 20:24 | Create | Camel Scout |
| 20:24 | Create | Camel Scout |
| 20:30 | Create | Villager (Male) |
| 20:49 | Create | Monk |
| 20:50 | Create | Villager (Male) |
| 20:55 | Research | Wheelbarrow |
| 20:55 | Research | Wheelbarrow |
| 21:04 | Create | Villager (Male) |
| 21:10 | Create | Monk |
| 21:14 | Build | Farm |
| 21:17 | Create | Villager (Male) |
| 21:26 | Create | Villager (Male) |
| 21:27 | Create | Camel Scout |
| 21:27 | Create | Camel Scout |
| 21:32 | Create | Villager (Male) |
| 21:34 | Build | Farm |
| 21:41 | Build | Mining Camp |
| 21:46 | Build | Farm |
| 21:46 | Build | Farm |
| 21:46 | Build | Farm |
| 21:51 | Create | Villager (Male) |
| 21:53 | Create | Villager (Male) |
| 22:07 | Research | Forging |
| 22:10 | Build | Farm |
| 22:15 | Research | Stone Mining |
| 22:31 | Create | Villager (Male) |
| 22:32 | Build | Farm |
| 22:41 | Create | Villager (Male) |
| 22:42 | Create | Villager (Male) |
| 22:43 | Create | Villager (Male) |
| 22:45 | Build | Farm |
| 22:50 | Build | Farm |
| 22:52 | Build | Farm |
Build order — YT: DominicanoAOE
First 150 of 363 actions detected
| 0:01 | Create | Villager (Male) |
| 0:02 | Build | House |
| 0:03 | Build | House |
| 0:16 | Create | Villager (Male) |
| 0:22 | Create | Villager (Male) |
| 0:45 | Create | Villager (Male) |
| 1:43 | Create | Villager (Male) |
| 2:05 | Create | Villager (Male) |
| 2:31 | Create | Villager (Male) |
| 2:54 | Create | Villager (Male) |
| 3:03 | Build | Settlement |
| 3:20 | Create | Villager (Male) |
| 3:50 | Create | Villager (Male) |
| 4:10 | Create | Villager (Male) |
| 4:32 | Create | Villager (Male) |
| 4:55 | Create | Villager (Male) |
| 5:21 | Create | Villager (Male) |
| 5:34 | Research | Loom |
| 5:58 | Build | Settlement |
| 5:58 | Create | Villager (Male) |
| 6:18 | Create | Villager (Male) |
| 6:45 | Research | Feudal Age |
| 7:38 | Build | House |
| 7:38 | Build | Palisade Wall |
| 7:54 | Build | Palisade Wall |
| 7:55 | Create | Villager (Male) |
| 8:08 | Build | Palisade Wall |
| 8:09 | Build | Palisade Wall |
| 8:10 | Build | Palisade Wall |
| 8:11 | Build | Palisade Wall |
| 8:14 | Build | Palisade Wall |
| 8:19 | Build | Palisade Wall |
| 8:49 | Build | Palisade Wall |
| 8:55 | Age | Feudal Age |
| 8:57 | Create | Villager (Male) |
| 9:22 | Create | Spearman |
| 9:23 | Create | Spearman |
| 9:26 | Create | Spearman |
| 9:29 | Research | Double-Bit Axe |
| 9:30 | Research | Horse Collar |
| 9:37 | Build | Palisade Gate |
| 9:38 | Build | House |
| 9:39 | Create | Villager (Male) |
| 9:46 | Build | House |
| 9:47 | Build | Palisade Wall |
| 10:01 | Build | Farm |
| 10:10 | Create | Villager (Male) |
| 10:19 | Build | House |
| 10:21 | Build | House |
| 10:23 | Build | House |
| 10:34 | Create | Villager (Male) |
| 10:47 | Build | Farm |
| 10:49 | Build | Farm |
| 11:00 | Create | Villager (Male) |
| 11:19 | Create | Skirmisher |
| 11:19 | Create | Skirmisher |
| 11:19 | Create | Villager (Male) |
| 11:37 | Create | Villager (Male) |
| 11:49 | Build | Farm |
| 11:51 | Create | Villager (Male) |
| 12:07 | Build | Farm |
| 12:16 | Build | Farm |
| 12:20 | Build | Farm |
| 12:25 | Build | Farm |
| 12:26 | Create | Villager (Male) |
| 12:32 | Build | Farm |
| 12:34 | Create | Skirmisher |
| 12:34 | Create | Skirmisher |
| 12:51 | Build | Farm |
| 12:57 | Create | Skirmisher |
| 13:01 | Create | Villager (Male) |
| 13:06 | Build | Farm |
| 13:25 | Create | Villager (Male) |
| 13:25 | Create | Villager (Male) |
| 13:27 | Build | Farm |
| 13:31 | Build | Farm |
| 13:41 | Create | Skirmisher |
| 13:57 | Create | Skirmisher |
| 13:58 | Create | Villager (Male) |
| 14:07 | Build | Farm |
| 14:11 | Build | Farm |
| 14:14 | Build | Farm |
| 14:19 | Create | Villager (Male) |
| 14:38 | Create | Villager (Male) |
| 14:42 | Build | House |
| 15:05 | Build | Settlement |
| 15:05 | Create | Villager (Male) |
| 15:22 | Build | House |
| 15:51 | Build | Blacksmith |
| 15:52 | Create | Villager (Male) |
| 15:57 | Research | Wheelbarrow |
| 16:44 | Create | Villager (Male) |
| 16:47 | Build | Market |
| 17:53 | Research | Castle Age |
| 18:47 | Create | Villager (Male) |
| 18:49 | Build | Watch Tower |
| 19:06 | Build | Barracks |
| 19:09 | Build | House |
| 19:10 | Build | House |
| 19:28 | Build | House |
| 19:30 | Create | Villager (Male) |
| 19:43 | Research | Fletching |
| 20:01 | Build | Archery Range |
| 20:14 | Build | Archery Range |
| 20:17 | Research | Padded Archer Armor |
| 20:26 | Create | Villager (Male) |
| 20:26 | Create | Villager (Male) |
| 20:32 | Age | Castle Age |
| 20:35 | Build | Palisade Wall |
| 20:38 | Build | House |
| 20:40 | Build | Palisade Wall |
| 20:50 | Create | Villager (Male) |
| 21:05 | Create | Bolas Rider |
| 21:05 | Create | Bolas Rider |
| 21:14 | Create | Bolas Rider |
| 21:14 | Create | Bolas Rider |
| 21:39 | Build | Town Center |
| 21:40 | Create | Villager (Male) |
| 21:40 | Create | Bolas Rider |
| 21:40 | Create | Bolas Rider |
| 21:48 | Create | Bolas Rider |
| 21:49 | Research | Bodkin Arrow |
| 21:52 | Create | Villager (Male) |
| 21:55 | Build | House |
| 22:08 | Create | Villager (Male) |
| 22:18 | Create | Bolas Rider |
| 22:19 | Create | Bolas Rider |
| 22:23 | Create | Bolas Rider |
| 22:24 | Create | Bolas Rider |
| 22:33 | Create | Villager (Male) |
| 22:45 | Create | Bolas Rider |
| 22:45 | Create | Bolas Rider |
| 23:09 | Create | Bolas Rider |
| 23:12 | Create | Villager (Male) |
| 23:19 | Create | Villager (Male) |
| 23:44 | Create | Villager (Male) |
| 23:48 | Build | Farm |
| 23:48 | Build | Farm |
| 23:50 | Create | Bolas Rider |
| 23:50 | Create | Bolas Rider |
| 24:10 | Build | Town Center |
| 24:11 | Create | Villager (Male) |
| 24:14 | Create | Bolas Rider |
| 24:30 | Research | Bow Saw |
| 24:35 | Build | Farm |
| 24:35 | Build | Farm |
| 24:35 | Create | Villager (Male) |
| 24:37 | Create | Villager (Male) |
| 24:37 | Create | Villager (Male) |
| 24:40 | Create | Bolas Rider |
Match timeline
| 7:38 | YT: DominicanoAOE · wall_segment Palisade Wall x5 |
| 7:54 | YT: DominicanoAOE · wall_segment Palisade Wall x8 |
| 8:08 | YT: DominicanoAOE · wall_segment Palisade Wall x1 |
| 8:08 | Proctologue · first_building Barracks |
| 8:09 | Proctologue · wall_segment Palisade Wall x3 |
| 8:09 | YT: DominicanoAOE · wall_segment Palisade Wall x1 |
| 8:10 | Proctologue · wall_segment Palisade Wall x1 |
| 8:10 | YT: DominicanoAOE · wall_segment Palisade Wall x1 |
| 8:11 | YT: DominicanoAOE · wall_segment Palisade Wall x1 |
| 8:14 | YT: DominicanoAOE · wall_segment Palisade Wall x1 |
| 8:19 | YT: DominicanoAOE · wall_segment Palisade Wall x1 |
| 8:49 | YT: DominicanoAOE · wall_segment Palisade Wall x5 |
| 8:55 | YT: DominicanoAOE · age_up feudal |
| 9:02 | Proctologue · age_up feudal |
| 9:06 | Proctologue · first_building Stable |
| 9:13 | Proctologue · wall_segment Palisade Wall x1 |
| 9:13 | Proctologue · wall_segment Palisade Wall x1 |
| 9:16 | Proctologue · wall_segment Palisade Wall x1 |
| 9:47 | YT: DominicanoAOE · wall_segment Palisade Wall x17 |
| 10:18 | Proctologue · wall_segment Palisade Wall x7 |
| 10:20 | Proctologue · wall_segment Palisade Wall x9 |
| 11:28 | Proctologue · wall_segment Palisade Wall x3 |
| 11:32 | Proctologue · wall_segment Palisade Wall x13 |
| 11:33 | Proctologue · wall_segment Palisade Wall x1 |
| 12:33 | Proctologue · wall_segment Palisade Wall x1 |
| 13:24 | Proctologue · wall_segment Palisade Wall x1 |
| 13:43 | Proctologue · wall_segment Palisade Wall x1 |
| 14:05 | Proctologue · first_building Archery Range |
| 18:33 | Proctologue · age_up castle |
| 19:06 | YT: DominicanoAOE · first_building Barracks |
| 20:01 | YT: DominicanoAOE · first_building Archery Range |
| 20:04 | Proctologue · first_building Monastery |
| 20:32 | YT: DominicanoAOE · age_up castle |
| 20:35 | YT: DominicanoAOE · wall_segment Palisade Wall x5 |
| 20:40 | YT: DominicanoAOE · wall_segment Palisade Wall x1 |
| 21:28 | YT: DominicanoAOE · first_market_sell 100 food |
| 21:29 | YT: DominicanoAOE · first_market_buy 100 wood |
| 26:55 | Proctologue · first_building Castle |
| 30:19 | Proctologue · first_building Siege Workshop |
| 33:29 | YT: DominicanoAOE · first_building Castle |
| 36:41 | Proctologue · first_market_buy 100 food |
| 39:07 | Proctologue · first_market_sell 100 wood |
| 40:05 | Proctologue · age_up imperial |
| 40:20 | YT: DominicanoAOE · resign |
[ AI ANALYSIS · 1 CREDIT ]
What really happened in this match?
Wolo.gg analyzes every decision: build order, eco, micro, common mistakes by bracket. Personalized analysis on WhatsApp or Discord in 30 seconds.
Civ guide
Gurjaras
Perfil
Proctologue